2277 views
Uploaded 2022-07-28 01:04:07
Game version 1.32.10
25:43 long 3on3 ladder game on (6)TimbermawHold
Saved by Cabeelibob
2277 views
Uploaded 2022-07-28 01:04:07
Game version 1.32.10
25:43 long 3on3 ladder game on (6)TimbermawHold


96 units @ 9.5k
/ 1.6k
125 buildings @ 10k
/ 5.3k


| Peasant | 13 | 975 | / | 0 |
| Mortar Team | 6 | 1080 | / | 420 |
| Flying Machine | 20 | 2000 | / | 600 |
| Dragonhawk Rider | 2 | 400 | / | 60 |
| total: | 41 | 4455g | / | 1080w |
| Scout Tower | 14 | 420 | / | 280 |
| Guard Tower | 5 | 350 | / | 250 |
| Arcane Tower | 4 | 280 | / | 200 |
| Altar of Kings | 1 | 180 | / | 50 |
| Farm | 14 | 1120 | / | 280 |
| Lumber Mill | 1 | 120 | / | 0 |
| Blacksmith | 1 | 140 | / | 60 |
| Arcane Vault | 1 | 130 | / | 30 |
| Workshop | 4 | 560 | / | 560 |
| Gryphon Aviary | 1 | 140 | / | 150 |
| Keep | 1 | 320 | / | 210 |
| Castle | 1 | 360 | / | 210 |
| total: | 37 | 2810g | / | 1410w |
| 0:08 | Altar of Kings |
| 0:12 | Farm |
| 0:12 | Peasant |
| 0:18 | Peasant |
| 0:28 | Peasant |
| 0:36 | Peasant |
| 0:46 | Peasant |
| 0:50 | Farm |
| 1:05 | Lumber Mill |
| 1:07 | Peasant |
| 1:15 | Peasant |
| 1:44 | Peasant |
| 1:49 | Peasant |
| 1:57 | Peasant |
| 2:13 | Storm Bolt |
| 2:18 | Peasant |
| 2:21 | Improved Masonry |
| 2:29 | Scout Tower |
| 2:30 | Scout Tower |
| 2:35 | Peasant |
| 2:50 | Scout Tower |
| 2:59 | Guard Tower |
| 3:05 | Scout Tower |
| 3:06 | Scout Tower |
| 3:12 | Peasant |
| 3:28 | Improved Lumber Harvesting |
| 3:28 | Keep |
| 3:32 | Blacksmith |
| 3:37 | Farm |
| 3:45 | Guard Tower |
| 3:55 | Guard Tower |
| 4:06 | Scout Tower |
| 4:45 | Black Gunpowder |
| 4:53 | Arcane Tower |
| 5:00 | Scout Tower |
| 5:01 | Scout Tower |
| 5:02 | Scout Tower |
| 5:24 | Iron Plating |
| 5:34 | Farm |
| 5:43 | Arcane Tower |
| 5:44 | Arcane Tower |
| 5:46 | Arcane Tower |
| 5:50 | Scout Tower |
| 5:51 | Scout Tower |
| 5:51 | Scout Tower |
| 5:58 | Scout Tower |
| 5:59 | Scout Tower |
| 6:07 | Advanced Masonry |
| 6:10 | Workshop |
| 6:14 | Workshop |
| 6:15 | Workshop |
| 6:23 | Workshop |
| 6:40 | Castle |
| 6:47 | Guard Tower |
| 6:55 | Refined Gunpowder |
| 7:06 | Steel Plating |
| 7:11 | Holy Light |
| 7:15 | Flak Cannons |
| 7:22 | Flare |
| 7:38 | Advanced Lumber Harvesting |
| 7:44 | Mortar Team |
| 7:45 | Mortar Team |
| 7:45 | Mortar Team |
| 8:00 | Farm |
| 8:01 | Farm |
| 8:02 | Farm |
| 8:05 | Farm |
| 8:06 | Farm |
| 8:06 | Farm |
| 8:56 | Guard Tower |
| 9:01 | Imbued Gunpowder |
| 9:18 | Gryphon Aviary |
| 9:32 | Arcane Vault |
| 9:37 | Imbued Masonry |
| 10:04 | Fragmentation Shards |
| 10:05 | Flying Machine Bombs |
| 10:10 | Farm |
| 10:41 | Cloud |
| 10:45 | Farm |
| 11:12 | Mithril Plating |
| 11:18 | Farm |
| 11:25 | Farm |
| 11:35 | Flying Machine |
| 11:41 | Dragonhawk Rider |
| 11:41 | Dragonhawk Rider |
| 11:51 | Flying Machine |
| 12:19 | Flying Machine |
| 12:42 | Flying Machine |
| 12:42 | Flying Machine |
| 12:42 | Flying Machine |
| 12:42 | Flying Machine |
| 12:42 | Flying Machine |
| 12:43 | Flying Machine |
| 12:43 | Flying Machine |
| 13:22 | Flying Machine |
| 13:22 | Flying Machine |
| 13:48 | Flying Machine |
| 13:48 | Flying Machine |
| 14:47 | Flying Machine |
| 14:50 | Mortar Team |
| 14:55 | Mortar Team |
| 22:26 | Mortar Team |
| 24:17 | Flying Machine |
| 24:18 | Flying Machine |
| 24:18 | Flying Machine |
| 24:18 | Flying Machine |
| 25:08 | Flying Machine |
| Right click | 615 |
| Select group | 437 |
| Select | 293 |
| Build/train/purchase | 79 |
| Resource trade | 21 |
| Assign group | 18 |
| Minimap ping | 13 |
| Use ability | 12 |
| Chat | 6 |
| Remove unit | 5 |
| Esc | 1 |
GIGA
(207)
(25:38) : 
| Orb of Lightning | 1 | 375 |
| Boots of Speed | 1 | 250 |
| Staff of Teleportation | 1 | 150 |
| total: | 3 | 775g |
| Peon | 14 | 1050 | / | 0 |
| Troll Witch Doctor | 4 | 580 | / | 100 |
| total: | 18 | 1630g | / | 100w |
| Watch Tower | 16 | 1760 | / | 1280 |
| Altar of Storms | 1 | 180 | / | 50 |
| Orc Burrow | 3 | 480 | / | 120 |
| War Mill | 1 | 205 | / | 0 |
| Voodoo Lounge | 1 | 130 | / | 30 |
| Spirit Lodge | 1 | 150 | / | 150 |
| Stronghold | 1 | 315 | / | 190 |
| Fortress | 1 | 325 | / | 190 |
| total: | 23 | 2905g | / | 1630w |
| 0:02 | Peon |
| 0:03 | Peon |
| 0:06 | Altar of Storms |
| 0:10 | Orc Burrow |
| 0:19 | Peon |
| 0:23 | Peon |
| 0:50 | Peon |
| 0:55 | War Mill |
| 1:06 | Peon |
| 1:22 | Voodoo Lounge |
| 1:23 | Peon |
| 1:37 | Peon |
| 1:39 | Peon |
| 2:14 | Peon |
| 2:15 | Peon |
| 2:28 | Wind Walk |
| 3:59 | Orc Burrow |
| 4:00 | Stronghold |
| 4:02 | Spiked Barricades |
| 5:02 | Watch Tower |
| 5:03 | Watch Tower |
| 5:04 | Watch Tower |
| 5:22 | Bash |
| 5:23 | Bash |
| 5:24 | Critical Strike |
| 6:13 | Watch Tower |
| 6:26 | Peon |
| 6:26 | Peon |
| 6:27 | Peon |
| 6:32 | Watch Tower |
| 6:35 | Reinforced Defenses |
| 7:11 | Spirit Lodge |
| 7:32 | Fortress |
| 7:47 | Boots of Speed |
| 7:48 | Staff of Teleportation |
| 9:12 | Wind Walk |
| 9:30 | Witch Doctor Adept Training |
| 10:33 | Witch Doctor Master Training |
| 10:33 | Troll Witch Doctor |
| 10:33 | Troll Witch Doctor |
| 10:34 | Troll Witch Doctor |
| 10:35 | Troll Witch Doctor |
| 10:38 | Orc Burrow |
| 10:39 | Improved Spiked Barricades |
| 11:30 | Watch Tower |
| 11:31 | Watch Tower |
| 11:32 | Watch Tower |
| 12:58 | Orb of Lightning |
| 16:31 | Watch Tower |
| 16:32 | Watch Tower |
| 16:33 | Watch Tower |
| 16:35 | Watch Tower |
| 18:02 | Watch Tower |
| 18:08 | Watch Tower |
| 18:11 | Watch Tower |
| 18:16 | Watch Tower |
| 18:43 | Holy Light |
| 20:53 | Critical Strike |
| 21:20 | Critical Strike |
| 22:11 | Divine Shield |
| 23:58 | Bladestorm |
| Right click | 1518 |
| Select | 190 |
| Select group | 85 |
| Build/train/purchase | 60 |
| Resource trade | 50 |
| Misc. action | 43 |
| Minimap ping | 30 |
| Use ability | 9 |
| Assign group | 3 |
| Item give/drop | 3 |
| Esc | 2 |
DudeWhy
(236)
(25:41) : 


| Peasant | 31 | 2325 | / | 0 |
| Mortar Team | 6 | 1080 | / | 420 |
| total: | 37 | 3405g | / | 420w |
| Scout Tower | 47 | 1410 | / | 940 |
| Guard Tower | 17 | 1190 | / | 850 |
| Arcane Tower | 2 | 140 | / | 100 |
| Altar of Kings | 2 | 360 | / | 100 |
| Farm | 8 | 640 | / | 160 |
| Lumber Mill | 1 | 120 | / | 0 |
| Town Hall | 3 | 1155 | / | 615 |
| Blacksmith | 2 | 280 | / | 120 |
| Workshop | 2 | 280 | / | 280 |
| Keep | 1 | 320 | / | 210 |
| Castle | 1 | 360 | / | 210 |
| total: | 65 | 4245g | / | 2215w |
| 0:03 | Peasant |
| 0:08 | Peasant |
| 0:21 | Altar of Kings |
| 0:22 | Peasant |
| 0:23 | Peasant |
| 0:32 | Peasant |
| 0:35 | Farm |
| 0:37 | Peasant |
| 0:49 | Lumber Mill |
| 0:51 | Peasant |
| 1:05 | Peasant |
| 1:12 | Farm |
| 1:19 | Peasant |
| 1:36 | Scout Tower |
| 1:37 | Scout Tower |
| 1:40 | Peasant |
| 1:50 | Peasant |
| 2:06 | Scout Tower |
| 2:07 | Scout Tower |
| 2:12 | Farm |
| 2:14 | Peasant |
| 2:15 | Improved Lumber Harvesting |
| 2:30 | Storm Bolt |
| 2:33 | Guard Tower |
| 3:12 | Town Hall |
| 3:23 | Town Hall |
| 3:40 | Guard Tower |
| 3:42 | Scout Tower |
| 3:44 | Scout Tower |
| 3:58 | Scout Tower |
| 4:04 | Peasant |
| 4:05 | Peasant |
| 4:27 | Scout Tower |
| 4:29 | Guard Tower |
| 4:32 | Scout Tower |
| 4:36 | Peasant |
| 5:10 | Guard Tower |
| 5:11 | Scout Tower |
| 5:12 | Scout Tower |
| 5:15 | Scout Tower |
| 5:15 | Scout Tower |
| 5:18 | Peasant |
| 5:21 | Scout Tower |
| 5:25 | Scout Tower |
| 5:26 | Scout Tower |
| 5:27 | Scout Tower |
| 5:27 | Scout Tower |
| 5:29 | Guard Tower |
| 5:40 | Improved Masonry |
| 5:41 | Peasant |
| 5:41 | Peasant |
| 5:54 | Arcane Tower |
| 5:58 | Scout Tower |
| 5:59 | Scout Tower |
| 5:59 | Scout Tower |
| 6:00 | Scout Tower |
| 6:06 | Guard Tower |
| 6:08 | Scout Tower |
| 6:08 | Scout Tower |
| 6:09 | Scout Tower |
| 6:10 | Scout Tower |
| 6:39 | Peasant |
| 6:39 | Peasant |
| 6:39 | Peasant |
| 6:46 | Guard Tower |
| 6:59 | Guard Tower |
| 7:55 | Town Hall |
| 8:01 | Guard Tower |
| 8:05 | Scout Tower |
| 8:06 | Scout Tower |
| 8:06 | Scout Tower |
| 8:36 | Keep |
| 9:09 | Arcane Tower |
| 9:17 | Guard Tower |
| 9:34 | Guard Tower |
| 9:36 | Scout Tower |
| 9:40 | Scout Tower |
| 9:40 | Scout Tower |
| 9:56 | Scout Tower |
| 9:56 | Scout Tower |
| 10:18 | Peasant |
| 10:19 | Peasant |
| 10:27 | Peasant |
| 11:42 | Guard Tower |
| 11:52 | Guard Tower |
| 13:05 | Holy Light |
| 14:38 | Advanced Lumber Harvesting |
| 14:38 | Advanced Masonry |
| 14:53 | Blacksmith |
| 14:56 | Castle |
| 14:58 | Farm |
| 15:02 | Blacksmith |
| 15:45 | Storm Bolt |
| 15:52 | Storm Bolt |
| 16:18 | Divine Shield |
| 16:53 | Scout Tower |
| 16:53 | Scout Tower |
| 16:54 | Scout Tower |
| 16:55 | Scout Tower |
| 16:55 | Scout Tower |
| 16:56 | Scout Tower |
| 17:02 | Scout Tower |
| 17:25 | Guard Tower |
| 18:32 | Guard Tower |
| 18:40 | Peasant |
| 18:40 | Peasant |
| 18:40 | Peasant |
| 18:49 | Workshop |
| 18:54 | Workshop |
| 18:55 | Imbued Masonry |
| 19:21 | Peasant |
| 19:44 | Brilliance Aura |
| 19:54 | Scout Tower |
| 19:55 | Scout Tower |
| 20:01 | Fragmentation Shards |
| 20:02 | Flare |
| 20:02 | Mortar Team |
| 20:07 | Peasant |
| 20:07 | Peasant |
| 21:19 | Mortar Team |
| 21:20 | Mortar Team |
| 21:20 | Mortar Team |
| 21:21 | Farm |
| 21:21 | Farm |
| 21:26 | Black Gunpowder |
| 23:30 | Mortar Team |
| 23:30 | Mortar Team |
| 23:35 | Farm |
| 23:35 | Farm |
| 23:39 | Peasant |
| 23:45 | Scout Tower |
| 23:45 | Scout Tower |
| 23:46 | Scout Tower |
| 23:50 | Guard Tower |
| 23:51 | Scout Tower |
| 24:32 | Altar of Kings |
| 24:53 | Guard Tower |
| Right click | 842 |
| Select group | 379 |
| Select | 347 |
| Build/train/purchase | 89 |
| Use ability | 57 |
| Resource trade | 46 |
| Misc. action | 41 |
| Assign group | 11 |
| Minimap ping | 6 |
| Esc | 1 |
136 units @ 20.5k
/ 3k
85 buildings @ 13.5k
/ 4k


| Sacrificial Skull | 1 | 50 |
| Rod of Necromancy | 1 | 150 |
| total: | 2 | 200g |
| Acolyte | 7 | 525 | / | 0 |
| Ghoul | 19 | 2280 | / | 0 |
| Obsidian Statue | 2 | 400 | / | 70 |
| Meat Wagon | 2 | 460 | / | 100 |
| Abomination | 7 | 1680 | / | 490 |
| total: | 37 | 5345g | / | 660w |
| Nerubian Tower | 6 | 600 | / | 120 |
| Spirit Tower | 4 | 580 | / | 160 |
| Altar of Darkness | 2 | 360 | / | 100 |
| Ziggurat | 16 | 2400 | / | 800 |
| Crypt | 1 | 200 | / | 50 |
| Tomb of Relics | 1 | 130 | / | 30 |
| Graveyard | 3 | 645 | / | 0 |
| Necropolis | 4 | 900 | / | 0 |
| Slaughterhouse | 2 | 280 | / | 270 |
| Halls of the Dead | 1 | 320 | / | 210 |
| Black Citadel | 1 | 325 | / | 230 |
| Orc Burrow | 6 | 960 | / | 240 |
| War Mill | 1 | 205 | / | 0 |
| total: | 36 | 6080g | / | 1490w |
| 0:24 | Acolyte |
| 0:24 | Acolyte |
| 0:34 | Altar of Darkness |
| 0:36 | Ziggurat |
| 0:53 | Crypt |
| 1:20 | Ziggurat |
| 1:23 | Acolyte |
| 1:33 | Nerubian Tower |
| 1:53 | Tomb of Relics |
| 2:09 | Ghoul |
| 2:23 | Ghoul |
| 2:35 | Vampiric Aura |
| 2:37 | Ghoul |
| 2:51 | Ghoul |
| 3:03 | Sacrificial Skull |
| 3:08 | Rod of Necromancy |
| 3:16 | Ghoul |
| 3:34 | Ghoul |
| 4:00 | Nerubian Tower |
| 4:09 | Ziggurat |
| 4:32 | Graveyard |
| 4:35 | Ghoul |
| 4:35 | Ghoul |
| 4:49 | Graveyard |
| 4:54 | Ghoul |
| 5:03 | Nerubian Tower |
| 5:51 | Carrion Swarm |
| 6:03 | Ghoul |
| 6:04 | Ghoul |
| 6:05 | Halls of the Dead |
| 6:54 | Unholy Strength |
| 7:19 | Cannibalize |
| 7:21 | Ghoul |
| 7:21 | Ghoul |
| 7:26 | Unholy Armor |
| 7:31 | Ziggurat |
| 8:25 | Spirit Tower |
| 8:35 | Slaughterhouse |
| 8:38 | Slaughterhouse |
| 8:42 | Acolyte |
| 8:42 | Acolyte |
| 8:42 | Acolyte |
| 8:47 | Acolyte |
| 9:21 | Ghoul |
| 9:21 | Ghoul |
| 9:44 | Vampiric Aura |
| 10:00 | Ziggurat |
| 10:02 | Ziggurat |
| 10:16 | Obsidian Statue |
| 10:22 | Improved Unholy Strength |
| 10:35 | Meat Wagon |
| 10:41 | Meat Wagon |
| 10:53 | Nerubian Tower |
| 10:54 | Spirit Tower |
| 11:24 | Improved Unholy Armor |
| 11:51 | Black Citadel |
| 12:19 | Spiked Carapace |
| 13:40 | Obsidian Statue |
| 13:43 | Ghoul |
| 13:43 | Ghoul |
| 13:43 | Ghoul |
| 13:43 | Ghoul |
| 14:13 | Ziggurat |
| 14:15 | Ziggurat |
| 14:16 | Ziggurat |
| 14:22 | Disease Cloud |
| 14:23 | Abomination |
| 14:24 | Abomination |
| 14:24 | Abomination |
| 14:27 | Advanced Unholy Strength |
| 15:20 | Abomination |
| 15:23 | Advanced Unholy Armor |
| 15:25 | Abomination |
| 16:51 | Abomination |
| 16:54 | Carrion Beetles |
| 17:07 | Nerubian Tower |
| 17:08 | Spirit Tower |
| 17:09 | Spirit Tower |
| 17:18 | Abomination |
| 19:42 | Necropolis |
| 19:45 | Graveyard |
| 20:11 | Necropolis |
| 20:26 | Ziggurat |
| 20:27 | Ziggurat |
| 20:31 | Ziggurat |
| 20:32 | Ziggurat |
| 21:11 | Necropolis |
| 21:13 | Ziggurat |
| 21:15 | Ziggurat |
| 22:23 | Carrion Swarm |
| 22:55 | Nerubian Tower |
| 24:18 | Orc Burrow |
| 24:18 | Orc Burrow |
| 24:19 | Orc Burrow |
| 24:19 | Orc Burrow |
| 24:19 | Orc Burrow |
| 24:20 | Orc Burrow |
| 24:29 | War Mill |
| 24:44 | Ziggurat |
| 24:47 | Necropolis |
| 25:07 | Altar of Darkness |
| Right click | 362 |
| Select | 326 |
| Select group | 111 |
| Build/train/purchase | 81 |
| Misc. action | 74 |
| Assign group | 18 |
| Use ability | 12 |
| Minimap ping | 9 |
| Resource trade | 5 |
| Remove unit | 1 |
| Esc | 1 |



| Tiny Great Hall | 1 | 600 |
| total: | 1 | 600g |
| Peon | 17 | 1275 | / | 0 |
| Troll Headhunter | 9 | 1260 | / | 180 |
| Shaman | 6 | 780 | / | 120 |
| Troll Berserker | 6 | 840 | / | 120 |
| Demolisher | 7 | 1540 | / | 350 |
| total: | 45 | 5695g | / | 770w |
| Watch Tower | 11 | 1210 | / | 880 |
| Altar of Storms | 1 | 180 | / | 50 |
| Orc Burrow | 8 | 1280 | / | 320 |
| War Mill | 1 | 205 | / | 0 |
| Barracks | 2 | 360 | / | 100 |
| Voodoo Lounge | 3 | 390 | / | 90 |
| Spirit Lodge | 1 | 150 | / | 150 |
| Stronghold | 1 | 315 | / | 190 |
| Fortress | 1 | 325 | / | 190 |
| total: | 27 | 3775g | / | 1590w |
| 0:03 | Peon |
| 0:03 | Peon |
| 0:03 | Peon |
| 0:06 | Altar of Storms |
| 0:13 | Orc Burrow |
| 0:39 | War Mill |
| 0:51 | Peon |
| 1:07 | Peon |
| 1:27 | Peon |
| 1:31 | Barracks |
| 1:37 | Voodoo Lounge |
| 1:54 | Orc Burrow |
| 2:03 | Peon |
| 2:04 | Peon |
| 2:17 | Feral Spirit |
| 2:35 | Troll Headhunter |
| 2:37 | Troll Headhunter |
| 2:52 | Watch Tower |
| 2:55 | Watch Tower |
| 3:04 | Troll Headhunter |
| 4:16 | Voodoo Lounge |
| 4:21 | Stronghold |
| 4:22 | Troll Headhunter |
| 4:22 | Troll Headhunter |
| 5:11 | Troll Headhunter |
| 5:20 | Watch Tower |
| 5:23 | Watch Tower |
| 5:28 | Steel Ranged Weapons |
| 5:29 | Steel Armor |
| 5:31 | Troll Headhunter |
| 5:36 | Orc Burrow |
| 5:42 | Chain Lighting |
| 5:53 | Voodoo Lounge |
| 6:23 | Orc Burrow |
| 6:25 | Orc Burrow |
| 6:44 | Spirit Lodge |
| 7:09 | Troll Headhunter |
| 8:05 | Feral Spirit |
| 8:11 | Shaman Adept Training |
| 8:12 | Shaman |
| 8:14 | Fortress |
| 8:44 | Summon Bear |
| 9:11 | Troll Regeneration |
| 9:17 | Troll Headhunter |
| 10:18 | Orc Burrow |
| 10:19 | Orc Burrow |
| 10:20 | Orc Burrow |
| 10:39 | Tiny Great Hall |
| 10:59 | Berserker Upgrade |
| 11:26 | Peon |
| 11:27 | Peon |
| 11:27 | Peon |
| 11:33 | Peon |
| 11:33 | Peon |
| 11:33 | Peon |
| 11:33 | Peon |
| 11:34 | Peon |
| 11:44 | Shaman Master Training |
| 11:45 | Shaman |
| 12:28 | Shaman |
| 12:30 | Troll Berserker |
| 12:30 | Troll Berserker |
| 14:37 | Healing Wave |
| 14:42 | Thorium Ranged Weapons |
| 14:43 | Thorium Armor |
| 14:44 | Reinforced Defenses |
| 14:45 | Spiked Barricades |
| 14:47 | Troll Berserker |
| 14:48 | Troll Berserker |
| 14:50 | Shaman |
| 14:51 | Shaman |
| 14:52 | Shaman |
| 15:43 | Peon |
| 15:47 | Watch Tower |
| 15:49 | Watch Tower |
| 15:50 | Watch Tower |
| 15:51 | Watch Tower |
| 15:52 | Watch Tower |
| 15:54 | Watch Tower |
| 15:55 | Watch Tower |
| 17:17 | Arcanite Ranged Weapons |
| 17:18 | Troll Berserker |
| 17:19 | Troll Berserker |
| 17:24 | Burning Oil |
| 17:29 | Demolisher |
| 17:29 | Demolisher |
| 18:26 | Demolisher |
| 18:27 | Demolisher |
| 18:28 | Demolisher |
| 18:30 | Barracks |
| 20:28 | Demolisher |
| 20:28 | Demolisher |
| Right click | 1022 |
| Select | 323 |
| Select group | 96 |
| Build/train/purchase | 90 |
| Misc. action | 15 |
| Assign group | 9 |
| Minimap ping | 7 |
| Use ability | 3 |
| Remove unit | 3 |


| Rod of Necromancy | 1 | 150 |
| Potion of Healing | 1 | 150 |
| Orb of Corruption | 1 | 375 |
| Potion of Mana | 1 | 200 |
| Dust of Appearance | 1 | 75 |
| Scroll of Healing | 1 | 250 |
| total: | 6 | 1200g |
| Acolyte | 9 | 675 | / | 0 |
| Ghoul | 2 | 240 | / | 0 |
| Crypt Fiend | 13 | 2795 | / | 520 |
| Obsidian Statue | 18 | 3600 | / | 630 |
| Gargoyle | 11 | 1925 | / | 330 |
| Meat Wagon | 1 | 230 | / | 50 |
| total: | 54 | 9465g | / | 1530w |
| Nerubian Tower | 4 | 400 | / | 80 |
| Spirit Tower | 7 | 1015 | / | 280 |
| Crypt | 1 | 200 | / | 50 |
| Altar of Darkness | 1 | 180 | / | 50 |
| Ziggurat | 12 | 1800 | / | 600 |
| Graveyard | 1 | 215 | / | 0 |
| Tomb of Relics | 3 | 390 | / | 90 |
| Necropolis | 3 | 675 | / | 0 |
| Slaughterhouse | 1 | 140 | / | 135 |
| Halls of the Dead | 2 | 640 | / | 420 |
| Black Citadel | 1 | 325 | / | 230 |
| total: | 22 | 3600g | / | 925w |
| 0:02 | Acolyte |
| 0:06 | Acolyte |
| 0:24 | Crypt |
| 0:30 | Altar of Darkness |
| 0:34 | Ziggurat |
| 0:58 | Graveyard |
| 1:10 | Tomb of Relics |
| 1:28 | Ghoul |
| 1:39 | Ghoul |
| 1:52 | Ziggurat |
| 2:20 | Crypt Fiend |
| 2:20 | Crypt Fiend |
| 2:32 | Rod of Necromancy |
| 2:35 | Death Coil |
| 2:39 | Dust of Appearance |
| 2:55 | Crypt Fiend |
| 3:17 | Crypt Fiend |
| 3:38 | Acolyte |
| 3:52 | Unholy Aura |
| 4:04 | Halls of the Dead |
| 4:10 | Ziggurat |
| 4:16 | Nerubian Tower |
| 4:43 | Crypt Fiend |
| 5:19 | Creature Attack |
| 5:51 | Unholy Aura |
| 6:30 | Necropolis |
| 6:52 | Web |
| 7:16 | Black Citadel |
| 7:27 | Potion of Healing |
| 7:32 | Frost Nova |
| 8:06 | Ziggurat |
| 8:07 | Acolyte |
| 8:08 | Acolyte |
| 8:08 | Acolyte |
| 8:12 | Slaughterhouse |
| 8:20 | Ziggurat |
| 8:29 | Acolyte |
| 8:53 | Ziggurat |
| 9:19 | Nerubian Tower |
| 9:20 | Spirit Tower |
| 9:20 | Obsidian Statue |
| 9:31 | Obsidian Statue |
| 9:56 | Spirit Tower |
| 10:00 | Destroyer Form |
| 10:05 | Obsidian Statue |
| 10:16 | Tomb of Relics |
| 10:22 | Orb of Corruption |
| 10:22 | Potion of Mana |
| 10:26 | Scroll of Healing |
| 10:38 | Gargoyle |
| 10:54 | Gargoyle |
| 10:55 | Obsidian Statue |
| 11:09 | Creature Carapace |
| 11:13 | Frost Armor |
| 11:20 | Gargoyle |
| 11:29 | Death Coil |
| 11:39 | Obsidian Statue |
| 11:56 | Gargoyle |
| 12:15 | Obsidian Statue |
| 12:33 | Gargoyle |
| 12:54 | Ziggurat |
| 13:08 | Obsidian Statue |
| 13:08 | Gargoyle |
| 13:49 | Obsidian Statue |
| 14:19 | Gargoyle |
| 14:36 | Obsidian Statue |
| 14:42 | Meat Wagon |
| 14:51 | Gargoyle |
| 15:25 | Necropolis |
| 15:39 | Obsidian Statue |
| 16:04 | Obsidian Statue |
| 16:05 | Gargoyle |
| 16:26 | Obsidian Statue |
| 16:26 | Gargoyle |
| 16:39 | Improved Creature Attack |
| 16:57 | Obsidian Statue |
| 17:05 | Acolyte |
| 17:23 | Gargoyle |
| 18:04 | Spirit Tower |
| 18:05 | Spirit Tower |
| 18:26 | Ziggurat |
| 18:40 | Ziggurat |
| 18:45 | Ziggurat |
| 18:46 | Acolyte |
| 19:12 | Necropolis |
| 19:25 | Crypt Fiend |
| 19:25 | Obsidian Statue |
| 19:32 | Frost Nova |
| 19:38 | Crypt Fiend |
| 19:39 | Obsidian Statue |
| 19:56 | Nerubian Tower |
| 19:57 | Spirit Tower |
| 19:59 | Spirit Tower |
| 20:25 | Crypt Fiend |
| 20:38 | Tomb of Relics |
| 21:06 | Crypt Fiend |
| 21:09 | Obsidian Statue |
| 21:29 | Ziggurat |
| 22:26 | Ziggurat |
| 22:37 | Crypt Fiend |
| 22:37 | Obsidian Statue |
| 22:49 | Unholy Aura |
| 24:01 | Frost Armor |
| 24:10 | Spirit Tower |
| 24:31 | Crypt Fiend |
| 24:31 | Crypt Fiend |
| 24:57 | Halls of the Dead |
| 25:24 | Crypt Fiend |
| 25:25 | Obsidian Statue |
| Select group | 2521 |
| Right click | 1587 |
| Select | 253 |
| Misc. action | 203 |
| Build/train/purchase | 126 |
| Use ability | 47 |
| Assign group | 32 |
| Minimap ping | 9 |
| Resource trade | 5 |
| Item give/drop | 4 |
| Esc | 2 |